Map: Amygdala

Players

FlippyCrabs

  • Race: Terran Terran
  • League: Silver
  • Spawn Location: 1:00

wootwoot - Winner!

  • Race: Protoss Protoss
  • League: Bronze
  • Spawn Location: 7:00

VOD

Have the link to the VOD?

Description

Time

  • Played on: April 21, 2025, 9:31 a.m.
  • Length: 3:22
Show
View Real Time Build Order
Export as new Build Order

FlippyCrabs Terran 

Build Orders:  

Get SALT Encoding   

  12  0:00  SCV  
  13  0:12  SCV  
  14  0:20  Supply Depot  
  14  0:24  SCV  
  15  0:41  SCV  
  16  0:49  Barracks  
  16  0:53  SCV  
  17  1:02  Refinery  
  17  1:06  SCV  
  18  1:43  SCV  
  18  1:46  Marine  
  20  1:52  Supply Depot  
  20  1:59  Orbital Command  
  20  2:13  Command Center  
  20  2:16  Barracks Reactor  
  20  2:27  Barracks  
  19  2:30  Barracks  
  17  2:48  Marine  
Show
View Real Time Build Order
Export as new Build Order

wootwoot Protoss - Winner!

Build Orders:  

Get SALT Encoding   

  12  0:01  Probe  
  13  0:14  Probe  
  14  0:20  Pylon  
  14  0:26  Probe  
  15  0:38  Gateway  
  15  0:40  Assimilator  
  15  0:49  Pylon  
  15  1:09  Gateway  
  15  1:11  Gateway  
  15  1:25  Cybernetics Core  
  15  1:32  Probe  
  16  1:44  Probe  
  17  1:50  Stalker x2  
  21  2:16  Stalker x2  
  25  2:43  Stalker  
  25  2:51  Stalker, Pylon  
Tags
 
Matchup
PvT
Replay Pack
#1B2M-Replays
Spawn Locations
Cross Positions
Add a new tag
Caveats
  • Supply blocks, unpowered buildings, or Contaminate may cause inaccurate times.
  • Supply counts are checked every 10 seconds.